Map: Daybreak LE (Void)

Players

Fropez - Winner!

  • Race: Protoss Protoss
  • League: Gold
  • Spawn Location: 7:00

GHOSTsix

  • Race: Zerg Zerg
  • League: Gold
  • Spawn Location: 1:00

VOD

Have the link to the VOD?

Description

Time

  • Played on: Jan. 13, 2017, 1:25 p.m.
  • Length: 14:38
Show
View Real Time Build Order
Export as new Build Order

Fropez Protoss - Winner!

Build Orders: 1 Gate Expand 

Get SALT Encoding   

  12  0:02  Probe (Chrono Boost)  
  13  0:12  Probe (Chrono Boost)  
  14  0:23  Pylon  
  14  0:24  Probe (Chrono Boost)  
  15  0:41  Probe (Chrono Boost)  
  16  0:43  Gateway  
  16  0:52  Probe (Chrono Boost)  
  17  0:58  Assimilator  
  17  1:02  Probe (Chrono Boost)  
  18  1:13  Probe (Chrono Boost)  
  19  1:23  Probe (Chrono Boost)  
  20  1:35  Nexus  
  20  1:40  Cybernetics Core  
  20  1:45  Pylon  
  21  1:47  Probe (Chrono Boost)  
  21  1:57  Probe (Chrono Boost)  
  22  2:03  Gateway  
  22  2:08  Probe (Chrono Boost)  
  23  2:17  Gateway  
  23  2:21  Mothership Core (Chrono Boost)  
  25  2:30  Warp Gate  
  24  2:39  Probe (Chrono Boost)  
  24  2:41  Adept  
  27  2:50  Probe (Chrono Boost)  
  28  2:52  Adept, Pylon  
  30  3:00  Probe (Chrono Boost)  
  31  3:08  Adept  
  31  3:12  Adept  
  35  3:18  Gateway  
  35  3:24  Assimilator  
  35  3:31  Probe (Chrono Boost)  
  35  3:32  Probe (Chrono Boost)  
  37  3:34  Assimilator  
  37  3:55  Pylon  
  37  4:02  Stargate  
  37  4:04  Probe (Chrono Boost)  
  37  4:06  Probe (Chrono Boost)  
  39  4:14  Assimilator  
  39  4:15  Probe (Chrono Boost)  
  41  4:25  Probe (Chrono Boost)  
  41  4:29  Probe (Chrono Boost)  
  43  4:39  Probe (Chrono Boost)  
  43  4:43  Stalker  
  45  4:48  Probe (Chrono Boost)  
  45  4:50  Pylon  
  47  4:54  Probe (Chrono Boost)  
  47  4:56  Pylon  
  47  4:57  Void Ray  
  51  5:13  Robotics Facility  
  52  5:14  Forge  
  52  5:15  Probe (Chrono Boost)  
  52  5:19  Probe (Chrono Boost)  
  53  5:30  Pylon  
  53  5:38  Adept x4  
  61  5:43  Pylon  
  61  6:01  Probe x2 (Chrono Boost)  
  63  6:07  Protoss Ground Weapons Level 1  
  63  6:09  Stalker x3  
  63  6:10  Observer, Stalker  
  72  6:23  Void Ray  
  76  6:38  Twilight Council  
  76  7:05  Probe x2 (Chrono Boost)  
  78  7:17  Nexus, Probe (Chrono Boost)  
  78  7:18  Probe (Chrono Boost)  
  78  7:20  Pylon  
  80  7:23  Stalker x3  
  86  7:32  Pylon  
  86  7:35  Pylon  
  82  7:51  Protoss Ground Weapons Level 2  
  78  7:59  Warp Prism  
  78  8:12  Probe x2 (Chrono Boost)  
  80  8:14  Dark Shrine  
  80  8:16  Pylon  
  80  8:25  Adept, Blink  
  80  8:26  Adept x3  
  88  8:29  Probe x2 (Chrono Boost)  
  90  8:36  Stargate  
  91  8:41  Probe (Chrono Boost)  
  91  8:44  Probe (Chrono Boost)  
  91  8:45  Void Ray  
  91  8:46  Probe (Chrono Boost)  
  97  8:53  Probe (Chrono Boost)  
  97  8:54  Adept x3  
  97  8:55  Adept, Probe (Chrono Boost)  
  107  9:01  Assimilator  
  107  9:07  Assimilator  
  107  9:10  Pylon  
  107  9:34  Gateway x2  
  107  9:38  Gateway  
  103  9:42  Stalker x3  
  103  9:43  Stalker  
  103  9:44  Gateway  
  109  9:48  Pylon  
  109  9:49  Pylon  
  109  10:12  Dark Templar  
  105  10:32  Probe (Chrono Boost)  
  105  10:34  Protoss Ground Weapons Level 3, Probe x2 (Chrono Boost), Void Ray x2  
  114  10:43  Probe (Chrono Boost)  
  114  10:46  Probe (Chrono Boost)  
  114  10:48  Pylon  
  116  10:52  Gateway  
  116  10:53  Probe (Chrono Boost)  
  116  10:54  Probe (Chrono Boost)  
  116  10:56  Pylon, Dark Templar x3  
  116  10:57  Dark Templar  
  127  10:58  Probe (Chrono Boost)  
  127  10:59  Pylon  
  127  11:07  Adept x4  
  135  11:27  Zealot x3  
  135  11:28  Zealot  
  138  11:46  Adept  
  138  11:47  Adept x3  
  125  11:48  Adept  
  125  11:49  Adept x3  
  120  12:01  Dark Templar  
  120  12:05  Probe (Chrono Boost)  
  120  12:06  Probe x2 (Chrono Boost)  
  124  12:15  Probe (Chrono Boost)  
  124  12:18  Probe x2 (Chrono Boost)  
  128  12:30  Probe x2 (Chrono Boost)  
  128  12:39  Nexus  
  128  12:41  Assimilator  
  128  12:46  Void Ray, Assimilator  
  128  12:47  Void Ray  
  128  12:48  Pylon  
  136  12:54  Probe (Chrono Boost)  
  136  12:55  Probe (Chrono Boost)  
  138  13:02  Pylon  
  138  13:03  Assimilator  
  138  13:10  Observer  
  139  13:18  Mothership Core (Chrono Boost)  
  141  13:23  Probe x2 (Chrono Boost)  
  122  13:54  Stalker x2  
  122  13:55  Stalker x6  
  109  14:11  Gateway  
  110  14:20  Stalker  
Show
View Real Time Build Order
Export as new Build Order

GHOSTsix Zerg 

Build Orders: Hatch First, Lurkers 

Get SALT Encoding   

  12  0:01  Drone  
  13  0:09  Drone  
  14  0:17  Overlord  
  14  0:26  Extractor, Drone  
  16  0:35  Drone  
  16  0:36  Drone  
  17  0:44  Drone  
  18  0:58  Hatchery  
  18  1:00  Drone  
  18  1:06  Drone  
  19  1:18  Spawning Pool  
  18  1:20  Extractor  
  18  1:23  Drone  
  18  1:28  Overlord  
  18  1:38  Drone  
  19  1:50  Drone  
  20  2:00  Drone  
  21  2:04  Queen  
  23  2:09  Queen  
  23  2:11  Zergling x4  
  27  2:20  Drone  
  28  2:23  Metabolic Boost  
  28  2:29  Drone  
  29  2:33  Zergling x4  
  31  2:40  Queen  
  33  2:55  Queen  
  33  2:57  Zergling x2  
  36  2:59  Overlord  
  36  3:00  Overlord  
  34  3:14  Zergling x2  
  34  3:16  Overlord  
  34  3:18  Overlord  
  34  3:19  Overlord  
  35  3:29  Lair  
  35  3:30  Drone  
  35  3:32  Drone x2  
  38  3:34  Extractor  
  37  3:46  Drone x5  
  42  3:54  Overlord  
  42  3:55  Overlord  
  42  3:59  Drone x2  
  42  4:00  Drone  
  45  4:12  Roach Warren  
  45  4:15  Evolution Chamber  
  43  4:19  Evolution Chamber  
  43  4:20  Drone  
  43  4:21  Drone x2  
  45  4:28  Zergling x6  
  48  4:45  Hydralisk Den  
  47  4:47  Extractor  
  47  4:49  Extractor  
  45  4:53  Roach x2  
  49  5:01  Hatchery  
  48  5:16  Overlord  
  48  5:17  Overlord  
  48  5:18  Overlord  
  48  5:21  Roach  
  48  5:22  Roach x3  
  56  5:28  Drone  
  56  5:29  Drone x2  
  56  5:31  Drone  
  60  5:37  Drone x2  
  60  5:38  Drone  
  63  5:45  Drone x3  
  66  5:54  Drone x2  
  68  5:58  Zerg Missile Weapons Level 1  
  68  6:06  Spore Crawler  
  68  6:07  Spore Crawler  
  68  6:10  Spore Crawler  
  65  6:14  Muscular Augments  
  65  6:15  Spore Crawler  
  64  6:27  Overseer  
  64  6:38  Zerg Ground Armor Level 1  
  64  7:01  Hydralisk x3  
  64  7:02  Hydralisk x8  
  86  7:19  Hydralisk x2  
  85  7:38  Overlord x7  
  79  7:56  Zerg Missile Weapons Level 2  
  73  7:58  Drone x2  
  73  7:59  Drone  
  73  8:00  Drone x6  
  80  8:08  Drone x3  
  80  8:12  Drone  
  84  8:13  Drone x2  
  84  8:19  Lurker Den  
  86  8:27  Infestation Pit  
  85  8:34  Burrow  
  85  8:35  Pneumatized Carapace  
  85  8:46  Extractor  
  85  8:47  Spore Crawler  
  83  8:54  Hydralisk  
  83  8:55  Hydralisk x5  
  85  9:01  Overlord  
  95  9:03  Overlord  
  95  9:04  Overlord  
  95  9:05  Overlord  
  95  9:13  Zerg Ground Armor Level 2  
  95  9:45  Extractor, Spore Crawler  
  83  10:05  Zergling x28  
  83  10:06  Zergling x26  
  106  10:44  Hive  
  106  11:08  Zergling x28  
  106  11:09  Zergling x2  
  121  11:13  Glial Reconstitution  
  120  11:27  Hatchery  
  57  12:02  Hydralisk x4  
  57  12:03  Hydralisk x8  
  73  12:17  Zergling x2  
  73  12:18  Zergling x4  
  76  12:30  Hatchery  
  76  12:31  Zergling x2  
  76  12:32  Tunneling Claws, Zergling x4  
  76  12:37  Overlord, Overseer  
  78  12:44  Queen  
  78  12:47  Lurker x2  
  78  12:50  Zergling x2  
  83  13:01  Lurker x4  
  85  13:40  Zergling x2  
  85  13:41  Zergling x22  
  80  14:00  Hydralisk x4  
Tags
 
Composition
Lurkers
League
GoldGold
Matchup
PvZ
Replay Pack
All Mines
Spawn Locations
Cross Positions
Add a new tag
Caveats
  • Supply blocks, unpowered buildings, or Contaminate may cause inaccurate times.
  • Supply counts are checked every 10 seconds.